 Dungeon Crawl Stone Soup version 0.24-a0-251-g44e327e (webtiles) character file.

Game seed: 15810904981749169615

205277 MatthieuS the Severer (level 18, -10/176 HPs)
             Began as a Deep Dwarf Fighter on Apr 16, 2019.
             Was the Champion of Makhleb.
             Mangled by a titanic slime creature (95 damage)
             ... on level 2 of the Swamp.
             The game lasted 01:29:41 (26846 turns).

MatthieuS the Severer (Deep Dwarf Fighter)         Turns: 26846, Time: 01:29:42

Health: -10/176    AC: 23    Str: 25 (28) XL:     18   Next: 3%
Magic:  7/7        EV: 15    Int: 12      God:    Makhleb [******]
Gold:   2859       SH:  0    Dex: 11 (12) Spells: 25/25 levels left

rFire    + + +     SeeInvis .   L - +7 executioner's axe (flame)
rCold    . . .     Gourm    .   (shield currently unavailable)
rNeg     + . .     Faith    +   M - +0 fire dragon scales
rPois    +         Spirit   .   z - +2 helmet {Int+3}
rElec    .         Reflect  .   E - scarf {rC+ rF+}
rCorr    .         Harm     .   p - +2 pair of gloves {archery}
MR       ++...     Clarity  +   W - +2 pair of boots
Stlth    +.........             F - amulet of faith {!P}
HPRegen  0.00/turn              G - ring "Uthargh" {rPois Stlth+}
MPRegen  0.10/turn              O - +3 ring of slaying

@: non-regenerating, very slow
A: damage resistance, heal wounds, talons 1, blurry vision 1, clarity, negative
energy resistance 1, sense surroundings 3, no regeneration
}: 1/15 runes: gossamer
a: Heal Wounds, Minor Destruction, Lesser Servant of Makhleb, Major Destruction,
Greater Servant of Makhleb, Renounce Religion


You were on level 2 of the Swamp.
You worshipped Makhleb.
Makhleb was exalted by your worship.
You were not hungry.

You visited 6 branches of the dungeon, and saw 30 of its levels.
You visited the Abyss 1 time.
You also visited: Sewer and Ice Cave.

You collected 3425 gold pieces.
You spent 566 gold pieces at shops.

Inventory:

Hand Weapons
 b - a +5 battleaxe of draining
   (You took it off Rupert on level 3 of the Lair of Beasts)
 r - a +0 hand axe of flaming
   (You found it on level 3 of the Dungeon)
 L - a +7 executioner's axe of flaming (weapon)
   (You acquired it on level 6 of the Lair of Beasts)
 R - the +3 war axe of Xuprak {antimagic, rN+}
   (You found it on level 11 of the Dungeon)

   It reduces the magical energy of the wielder, and disrupts the spells and
   magical abilities of those hit.
   Natural abilities and divine invocations are not affected.
   It protects you from negative energy.
Armour
 c - a +0 shield
 p - a +2 pair of gloves of archery (worn)
   (You found it in an ice cave)
 z - a +2 helmet of intelligence (worn)
   (You bought it in a shop on level 5 of the Dungeon)
 E - a scarf of resistance (worn)
   (You found it on level 1 of the Lair of Beasts)
 M - +0 fire dragon scales (worn)
   (You found it on level 6 of the Lair of Beasts)
 W - a +2 pair of boots (worn)
   (You found it on level 3 of the Spider Nest)
Jewellery
 l - an uncursed ring of protection from magic
   (You found it on level 4 of the Lair of Beasts)
 C - a +3 ring of protection
   (You found it on level 3 of the Lair of Beasts)
 F - an amulet of faith (around neck) {!P}
   (You found it on level 6 of the Dungeon)
 G - the ring "Uthargh" (left hand) {rPois Stlth+}
   (You found it on level 2 of the Lair of Beasts)

   [ring of stealth]

   It protects you from poison.
   It makes you more stealthy.
 O - a +3 ring of slaying (right hand)
   (You found it on level 6 of the Lair of Beasts)
Wands
 o - a wand of polymorph (9)
   (You found it on level 7 of the Dungeon)
 t - a wand of flame (71)
   (You took it off Robin on level 3 of the Dungeon)
 u - a wand of paralysis (20)
   (You found it on level 3 of the Lair of Beasts)
 v - a wand of digging (8)
   (You found it on level 3 of the Spider Nest)
 x - a wand of acid (7)
   (You found it on level 2 of the Swamp)
 y - a wand of enslavement (20)
   (You found it on level 11 of the Dungeon)
 I - a wand of clouds (4)
   (You found it on level 2 of the Lair of Beasts)
 Q - a wand of scattershot (7)
   (You took it off a vampire on level 11 of the Dungeon)
Scrolls
 d - 11 scrolls of identify {@r1}
 f - 12 scrolls of teleportation {@r4}
 g - 15 scrolls of remove curse {@r2}
 h - 4 scrolls of blinking
 i - 8 scrolls of magic mapping
 m - 7 scrolls of fear
 q - 14 scrolls of fog
 B - 6 scrolls of immolation {!r}
 D - 4 scrolls of amnesia
 P - 4 scrolls of summoning
 S - a scroll of silence
 T - 2 scrolls of vulnerability {!r}
 U - 3 scrolls of enchant armour
Potions
 a - a potion of berserk rage
 j - 2 potions of flight
 n - 5 potions of cancellation
 s - 9 potions of curing {@q1}
 w - 5 potions of haste {@q3}
 A - 7 potions of heal wounds {@q2}
 H - 3 potions of ambrosia
 J - a potion of brilliance
 K - 5 potions of magic
 V - a potion of lignification {unknown}
 X - 2 potions of resistance
 Y - 2 potions of might
 Z - a potion of invisibility
Miscellaneous
 N - a lamp of fire
   (You found it on level 12 of the Dungeon)
Comestibles
 e - 25 rations


   Skills:
 + Level 14.5 Fighting
 * Level 20.4 Axes
 + Level 12.0 Armour
 + Level 11.4 Dodging
 - Level 9.3 Shields
 + Level 4.3 Spellcasting
 + Level 15.8 Invocations


You had 25 spell levels left.
You didn't know any spells.
Your spell library contained the following spells:

 Spells                   Type           Power        Failure   Level  Hunger
 Animate Skeleton         Necr           N/A          43%         1    None
 Apportation              Tloc           #.....       43%         1    None
 Confusing Touch          Hex            #.....       43%         1    None
 Shock                    Conj/Air       #...         43%         1    None
 Sting                    Conj/Pois      #...         43%         1    None
 Summon Butterflies       Summ           #.......     43%         1    None
 Summon Small Mammal      Summ           #...         43%         1    None
 Poisonous Vapours        Pois/Air       #.....       56%         2    ##.....
 Swiftness                Chrm/Air       #.......     56%         2    ##.....
 Confuse                  Hex            #.......     80%         3    ###....
 Conjure Flame            Conj/Fire      #.......     80%         3    ###....
 Gell's Gravitas          Tloc           #.........   80%         3    ###....
 Lesser Beckoning         Tloc           #.........   80%         3    ###....
 Mephitic Cloud           Conj/Pois/Air  #.......     80%         3    ###....
 Static Discharge         Conj/Air       #.......     80%         3    ###....
 Tukima's Dance           Hex            #.......     80%         3    ###....
 Airstrike                Air            #.........   99%         4    ####...
 Ice Form                 Ice/Tmut       #.......     99%         4    ####...
 Olgreb's Toxic Radiance  Pois           #.......     99%         4    ####...
 Petrify                  Tmut/Erth      #.......     99%         4    ####...
 Alistair's Intoxication  Tmut/Pois      #.......     100%        5    ######.
 Bolt of Magma            Conj/Fire/Erth #.........   100%        5    ######.
 Iskenderun's Battlesphe  Conj/Chrm      #.......     100%        5    ######.
 Lightning Bolt           Conj/Air       #.........   100%        5    ######.
 Metabolic Englaciation   Hex/Ice        #.........   100%        5    ######.
 Venom Bolt               Conj/Pois      #.........   100%        5    ######.
 Yara's Violent Unravell  Hex/Tmut       #.........   100%        5    ######.
 Bolt of Cold             Conj/Ice       #.........   100%        6    #######
 Freezing Cloud           Conj/Ice/Air   #.........   100%        6    #######
 Invisibility             Hex            #.......     100%        6    #######
 Iron Shot                Conj/Erth      #.........   100%        6    #######
 Ozocubu's Refrigeration  Ice            #.........   100%        6    #######
 Simulacrum               Ice/Necr       #.........   100%        6    #######
 Orb of Destruction       Conj           #.........   100%        7    #######
 Ring of Flames           Chrm/Fire      #.........   100%        7    #######
 Spellforged Servitor     Conj/Summ      #.........   100%        7    #######


Dungeon Overview and Level Annotations

Branches:
Dungeon (15/15)            Temple (1/1) D:7            Lair (6/6) D:10
  Swamp (2/4) Lair:4       Spider (4/4) Lair:3        Slime (0/5) Lair:5
    Orc (2/2) D:11            Elf (0/3) Orc:2        Vaults (0/5) D:13
 Depths (0/5) D:15

Altars:
Ashenzari
Elyvilon
Fedhas
Gozag
Hepliaklqana
Makhleb
Nemelex Xobeh
Qazlal
Ru
Trog
Vehumet
Wu Jian
The Shining One
Beogh
Jiyva

Shops:
D:5 *   D:12 [   Orc:2 **(:

Annotations:
D:12 exclusion: ice statue
Lair:4 exclusion: 5 oklob plants


Innate Abilities, Weirdness & Mutations

You are resistant to damage.
You can heal yourself by infusing magical energy.
You resist negative energy. (rN+)
You passively map a large area around you.
You do not regenerate.
You have sharp toenails.
Scrolls take you a little longer to read.
You possess an exceptional clarity of mind.


Message History

There are monsters nearby!
There are monsters nearby!
A slime creature comes into view.
Found a potion of degeneration.
You enter the shallow water.
Moving in this stuff is going to be slow. 2 slime creatures come into view.
The slime creature quivers.
The slime creature hits you but does no damage.
Two slime creatures merge to form a large slime creature.
All of the chunks of flesh in your inventory have rotted away.
Found 18 gold pieces.
You slash the large slime creature! You burn the large slime creature.
You chop the large slime creature into pieces!!!
You burn the large slime creature!!
A slime creature comes into view.
Your unstable footing causes you to fumble your attack.
Two slime creatures merge to form a very large slime creature.
Your unstable footing causes you to fumble your attack.
A slime creature suddenly becomes an enormous slime creature.
You slice the enormous slime creature!! You burn the enormous slime creature.
You slash the slime creature! You burn the slime creature.
The slime creature barely misses you.
Your unstable footing causes you to fumble your attack.
The enormous slime creature hits you! The slime creature barely misses you.
You slash the enormous slime creature! You burn the enormous slime creature.
You slash the slime creature! You burn the slime creature.
The enormous slime creature barely misses you.
The slime creature hits you.
Your unstable footing causes you to fumble your attack.
The enormous slime creature hits you! The slime creature hits you.
Your fire dragon scales prevents you from hitting the enormous slime creature.
You slice the slime creature!! You burn the slime creature.
Two slime creatures merge to form a titanic slime creature.
The slime creature hits you!
Your unstable footing causes you to fumble your attack.
The titanic slime creature barely misses you.
The slime creature hits you but does no damage.
Your unstable footing causes you to fumble your attack.
The titanic slime creature hits you!
* * * LOW HITPOINT WARNING * * *
The slime creature hits you!
* * * LOW HITPOINT WARNING * * *
You slice the titanic slime creature!! You burn the titanic slime creature!
You slash the slime creature! You burn the slime creature.
You kill the slime creature!
Makhleb accepts your kill.
You feel better. The titanic slime creature hits you!!!!
Ouch! That really hurt!
You die...

, , , ♣♣♣♣♣♣♣♣ *
,.≈≈..≈§,..♣♣≈≈♣.♣≈♣♣
...≈≈≈≈.!.♣≈≈≈♣....♣
,.≈.≈..≈≈≈≈≈≈≈≈≈≈≈≈♣♣
*≈♣.≈...≈≈≈≈≈≈≈≈≈...♣ ♣♣♣
♣≈..≈..♣.♣≈≈≈≈≈≈..♣♣♣♣§♣
*..≈..≈≈..≈♣≈≈≈♣..≈♣≈....
≈.$.≈.J♣.♣.♣♣≈≈..≈.§≈..[
* *≈≈ ♣@.≈..≈≈≈≈<.......
* ♣≈≈.♣.≈.≈≈≈≈≈..≈.≈≈≈≈
♣♣.♣♣♣..§.≈≈≈≈≈..≈≈≈≈ ♣♣
♣♣§.≈≈≈≈≈≈≈≈.≈≈≈
♣..≈≈≈≈≈≈...≈≈≈
♣≈.≈≈≈≈≈.≈§≈≈≈≈
♣♣.≈≈≈§.♣♣♣♣..♣ ♣♣≈≈...♣
♣≈♣♣ ♣♣...≈♣ ♣♣♣♣


You could see a titanic slime creature.

Vanquished Creatures
  Nikola (Spider:2)
  Jorgrun (D:14)
  Gastronok (Lair:1)
  2 thorn hunters
  Frances (Spider:2)
  Kirke (D:14)
  5 ghost moths (Spider:4)
  2 orc warlords
  3 emperor scorpions (Spider:4)
  A very ugly thing (Abyss:2)
  A stone giant (Orc:2)
  An entropy weaver (Spider:1)
  Nessos (Lair:6)
  Azrael (D:15)
  2 spark wasps (Spider:4)
  Snorg (Lair:4)
  Josephine (Lair:4)
  2 fire dragons (Lair:6)
  10 hydras
  A rakshasa (D:15)
  2 shambling mangroves (Swamp:2)
  6 alligators
  2 centaur warriors
  15 two-headed ogres
  2 death yaks (Lair:6)
  7 orc high priests
  A sun demon (Abyss:2)
  4 thrashing horrors (Abyss:2)
  2 spriggans
  Nergalle (Lair:2)
  A fire crab (Lair:6)
  An unseen horror (D:10)
  4 skeletal warriors (D:12)
  A wizard (D:14)
  3 swamp dragons
  2 glowing orange brains
  2 deep elf magi
  6 orc knights
  2 lindwurms (Lair:6)
  Pikel (D:7)
  18 orb spiders
  2 necromancers
  8 ugly things
  21 wolf spiders
  4 orc sorcerers
  A moth of wrath (Spider:2)
  2 cyclopes
  4 manticores
  11 elephants (Lair:4)
  Maurice (D:12)
  5 black mambas
  2 ice statues (IceCv)
  4 centaur zombies
  8 torpor snails
  19 spiny frogs
  Joseph (D:8)
  2 kobold demonologists (D:12)
  3 gargoyles
  5 rime drakes
  15 demonic crawlers
  4 komodo dragons
  8 ice devils (IceCv)
  40 jumping spiders
  5 trolls
  9 tyrant leeches
  Prince Ribbit (D:6)
  16 hornets
  A hornet (shapeshifter) (D:15)
  2 polar bears (Lair:2)
  An ancient zyme (Abyss:2)
  2 raiju (Abyss:2)
  13 blink frogs
  4 bog bodies
  11 hippogriffs
  A raiju (shapeshifter) (D:15)
  11 slime creatures
  A hippogriff (shapeshifter) (D:15)
  2 shadows
  27 tarantellas
  66 redbacks
  A large abomination (Abyss:2)
  Sigmund (D:3)
  A vampire (D:11)
  7 hogs (D:14)
  A spriggan (shapeshifter) (D:14)
  4 wraiths (Lair:4)
  2 fire elementals (D:15)
  3 wyverns
  4 basilisks (Lair:6)
  46 yaks
  2 hungry ghosts
  Eustachio (D:5)
  4 vampire mosquitoes
  A neqoxec (Abyss:2)
  2 steam dragons (Lair:6)
  5 wargs
  A small abomination (Abyss:2)
  4 swamp worms
  3 acid dragons
  A soldier ant (Lair:2)
  2 hell hounds (D:15)
  Duvessa (D:7)
  9 porcupines
  13 water moccasins
  2 swamp drakes (Swamp:2)
  An eye of draining (shapeshifter) (D:15)
  A hornet zombie (D:14)
  56 orc warriors
  A slave (D:7)
  4 black bears
  2 ice beasts
  5 sky beasts
  2 phantoms
  9 wolves
  3 eyes of draining
  18 ogres
  23 centaurs
  17 crocodiles
  7 big kobolds
  A crocodile (shapeshifter) (D:15)
  24 bullfrogs
  2 gnoll sergeants (D:11)
  Dowan (D:7)
  10 scorpions
  A hornet simulacrum (D:14)
  53 killer bees
  A vampire bat (Lair:2)
  10 wights
  7 howler monkeys
  4 electric eels
  8 crimson imps
  9 jellies
  A bullfrog zombie (D:13)
  6 hounds
  32 orc priests
  22 orc wizards
  2 bullfrog skeletons
  5 centaur skeletons
  A gnoll shaman (Orc:1)
  An iron imp (Abyss:2)
  2 iguanas
  6 hell rats (Lair:6)
  A troll simulacrum (IceCv)
  11 worker ants
  A spriggan simulacrum (IceCv)
  2 centaur simulacra (IceCv)
  A hound zombie (D:6)
  A hound skeleton (D:6)
  2 worker ant zombies (D:6)
  Robin (D:3)
  8 gnolls
  17 adders
  2 howler monkey skeletons (D:10)
  4 naga simulacra (IceCv)
  2 ogre simulacra (IceCv)
  5 river rats (Sewer)
  An ufetubus (Abyss:2)
  An adder skeleton (D:4)
  2 worms
  A dart slug (D:2)
  9 leopard geckos
  120 orcs
  5 giant cockroaches
  17 goblins
  9 hobgoblins
  13 jackals
  5 quokkas
  14 ball pythons
  10 bats
  11 frilled lizards
  37 kobolds
  A quokka skeleton (D:7)
  34 rats
  4 briar patches (Swamp:2)
  7 fungi
  9 plants
1312 creatures vanquished.

Vanquished Creatures (collateral kills)
  Rupert (Lair:3)
  A hydra (Lair:3)
  A two-headed ogre (Orc:2)
  3 orc knights
  2 wolf spiders (Spider:4)
  An orb spider (Spider:4)
  An orc sorcerer (Orc:2)
  A hornet (Spider:4)
  5 blink frogs (Lair:2)
  3 redbacks
  A tarantella (Spider:4)
  A large abomination (Abyss:2)
  A water moccasin (Lair:2)
  8 orc warriors
  A wolf (Lair:3)
  4 ogres (Orc:2)
  5 orc priests (Orc:2)
  2 orc wizards (Orc:2)
  5 orcs (Orc:2)
  2 bats (Lair:2)
49 creatures vanquished.

Vanquished Creatures (others)
  A ghost moth (Spider:2)
  A tarantella (Spider:1)
  2 redbacks (Spider:2)
  A vampire (D:14)
  30 fungi
  22 plants
57 creatures vanquished.

Grand Total: 1418 creatures vanquished

Notes
Turn   | Place    | Note
-------+----------+-------------------------------------------
     0 | D:1      | MatthieuS the Deep Dwarf Fighter began the quest for the
                  | Orb.
     0 | D:1      | Reached XP level 1. HP: 20/20 MP: 1/1
   129 | D:1      | Found a shattered altar of Ashenzari.
   249 | D:1      | Reached XP level 2. HP: 17/27 MP: 2/2
   420 | D:1      | Reached skill level 3 in Axes
   957 | D:2      | Reached XP level 3. HP: 20/34 MP: 3/3
   999 | D:2      | Reached skill level 4 in Axes
  1094 | D:2      | Reached XP level 4. HP: 40/42 MP: 4/4
  1570 | D:3      | Noticed Robin
  1611 | D:3      | Killed Robin
  1611 | D:3      | Reached XP level 5. HP: 24/50 MP: 5/5
  1629 | D:3      | Reached skill level 5 in Axes
  1663 | D:3      | Found a glowing drain.
  1672 | Sewer    | Entered a sewer
  1982 | Sewer    | Reached skill level 6 in Axes
  1982 | Sewer    | Reached XP level 6. HP: 29/57 MP: 5/5
  2279 | D:3      | Noticed Sigmund
  2284 | D:3      | Killed Sigmund
  2284 | D:3      | Reached skill level 7 in Axes
  2284 | D:3      | Reached XP level 7. HP: 41/66 MP: 6/6
  2687 | D:4      | Reached skill level 5 in Fighting
  2780 | D:4      | Reached skill level 8 in Axes
  3122 | D:4      | Found a hazy altar of Hepliaklqana.
  3425 | D:5      | Entered Level 5 of the Dungeon
  3550 | D:5      | Found Reylosat's Assorted Antiques.
  3554 | D:5      | Bought a shiny helmet for 225 gold pieces
  3668 | D:5      | Reached XP level 8. HP: 46/75 MP: 7/7
  3712 | D:5      | Noticed Eustachio
  3730 | D:5      | Killed Eustachio
  3730 | D:5      | Reached skill level 9 in Axes
  4571 | D:6      | Noticed Prince Ribbit
  4659 | D:6      | Reached skill level 10 in Axes
  5093 | D:6      | Gained mutation: You passively map the area around you.
                  | [Deep Dwarf growth]
  5093 | D:6      | Reached XP level 9. HP: 38/85 MP: 8/8
  5137 | D:6      | Killed Prince Ribbit
  5265 | D:6      | Reached skill level 11 in Axes
  5440 | D:7      | HP: 2/85 [orc warrior/+0 dire flail (19)]
  5795 | D:7      | Found a bloodstained altar of Trog.
  5796 | D:7      | Found a radiant altar of Vehumet.
  5869 | D:7      | Noticed Dowan
  5880 | D:7      | Noticed Duvessa
  5893 | D:7      | Killed Dowan
  5897 | D:7      | Killed Duvessa
  6098 | D:7      | Found a staircase to the Ecumenical Temple.
  6105 | Temple   | Entered the Ecumenical Temple
  6135 | Temple   | Became a worshipper of Makhleb the Destroyer
  6291 | D:7      | Reached skill level 12 in Axes
  6432 | D:7      | Noticed Pikel
  6450 | D:7      | Killed Pikel
  6607 | D:8      | Noticed a two-headed ogre
  6751 | D:8      | Reached XP level 10. HP: 58/96 MP: 6/6
  6753 | D:8      | Noticed Joseph
  6787 | D:8      | Killed Joseph
  6787 | D:8      | Reached skill level 13 in Axes
  6902 | D:8      | Noticed a two-headed ogre
  6911 | D:8      | Killed a two-headed ogre
  6916 | D:8      | Reached * piety under Makhleb
  7335 | D:8      | Noticed a two-headed ogre
  7342 | D:8      | Killed a two-headed ogre
  7342 | D:8      | Reached skill level 14 in Axes
  7401 | D:8      | Killed a two-headed ogre
  7726 | D:9      | Noticed a gargoyle
  7730 | D:9      | Killed a gargoyle
  7763 | D:9      | Noticed a two-headed ogre
  7772 | D:9      | Killed a two-headed ogre
  7772 | D:9      | Reached XP level 11. HP: 87/106 MP: 7/7
  7859 | D:9      | Found a burning altar of Makhleb.
  7907 | D:9      | Reached ** piety under Makhleb
  8144 | D:10     | Entered Level 10 of the Dungeon
  8205 | D:10     | Gained mutation: You have sharp toenails. [potion of
                  | mutation]
  8205 | D:10     | Gained mutation: You possess an exceptional clarity of
                  | mind. [potion of mutation]
  8209 | D:10     | Killed an unseen horror
  8209 | D:10     | Reached skill level 1 in Invocations
  8607 | D:10     | Found a staircase to the Lair.
  8766 | D:10     | Reached skill level 5 in Shields
  8801 | D:10     | Reached *** piety under Makhleb
  8865 | D:10     | Reached skill level 15 in Axes
  8919 | D:10     | Reached skill level 10 in Fighting
  9168 | Lair:1   | Entered Level 1 of the Lair of Beasts
  9475 | Lair:1   | Noticed a four-headed hydra
  9481 | Lair:1   | Noticed Gastronok
  9490 | Lair:1   | Killed a one-headed hydra
  9490 | Lair:1   | Reached skill level 5 in Invocations
  9518 | Lair:1   | Killed Gastronok
  9518 | Lair:1   | Reached XP level 12. HP: 79/117 MP: 12/12
  9623 | Lair:1   | Noticed a seven-headed hydra
  9637 | Lair:1   | Killed a one-headed hydra
 10045 | Lair:2   | Reached **** piety under Makhleb
 10316 | Lair:2   | Got a slimy wooden ring
 10431 | Lair:2   | Noticed Sonja
 10447 | Lair:2   | Noticed Nergalle
 10472 | Lair:2   | Killed Nergalle
 10779 | Lair:2   | Noticed Sonja
 10779 | Lair:2   | Sonja changed into Sonja the big kobold
 10785 | Lair:2   | Cast into level 2 of the Abyss (Sonja)
 10785 | Abyss:2  | Found a corrupted altar of Lugonu.
 10888 | Abyss:2  | Reached ***** piety under Makhleb
 10909 | Abyss:2  | Reached skill level 16 in Axes
 10953 | Abyss:2  | Found a burning altar of Makhleb.
 11047 | Abyss:2  | Noticed a white very ugly thing
 11048 | Abyss:2  | Noticed a white very ugly thing
 11051 | Abyss:2  | Noticed a white very ugly thing
 11070 | Abyss:2  | HP: 5/120 [white very ugly thing (10)]
 11217 | Abyss:2  | Gained mutation: Scrolls take you a little longer to read.
                  | [a neqoxec]
 11249 | Abyss:2  | Noticed a starcursed mass
 11254 | Abyss:2  | Found a corrupted altar of Lugonu.
 11291 | Abyss:2  | Noticed a white very ugly thing
 11310 | Abyss:2  | Killed a white very ugly thing
 11321 | Abyss:2  | Reached XP level 13. HP: 101/127 MP: 9/9
 11327 | Lair:2   | Escaped the Abyss
 11329 | Lair:2   | Noticed Sonja
 11329 | Lair:2   | Sonja the big kobold changed into Sonja the soldier ant
 11335 | Lair:2   | Killed Sonja the soldier ant
 11517 | Lair:3   | Noticed Rupert
 11913 | Lair:3   | Identified the ring "Uthargh" {rPois Stlth+} (You found it
                  | on level 2 of the Lair of Beasts)
 11938 | Lair:3   | Found a hole to the Spider Nest.
 12004 | Lair:3   | Killed Rupert
 12556 | Lair:4   | Reached skill level 10 in Invocations
 12557 | Lair:4   | Reached skill level 1 in Dodging
 12612 | Lair:4   | Noticed Josephine
 12631 | Lair:4   | Killed Josephine
 12775 | Lair:4   | Noticed Snorg
 12796 | Lair:4   | Killed Snorg
 12811 | Lair:4   | Reached skill level 5 in Armour
 13060 | Lair:4   | Found a staircase to the Swamp.
 13854 | Lair:5   | Gained mutation: You resist negative energy. (rN+) [Deep
                  | Dwarf growth]
 13854 | Lair:5   | Reached XP level 14. HP: 138/138 MP: 9/9
 14011 | Lair:5   | Reached ****** piety under Makhleb
 14150 | Lair:5   | Reached skill level 5 in Dodging
 14374 | Lair:5   | Reached skill level 17 in Axes
 14435 | Lair:5   | Found a staircase to the Slime Pits.
 14435 | Lair:5   | Found a viscous altar of Jiyva.
 14452 | Lair:5   | Found a glowing golden altar of the Shining One.
 14714 | Lair:6   | Entered Level 6 of the Lair of Beasts
 14990 | Lair:6   | Noticed Nessos
 15011 | Lair:6   | Killed Nessos
 15056 | Lair:6   | Identified a scroll of acquirement
 15094 | Lair:6   | Found a runed translucent door.
 15176 | Lair:6   | Paralysed by a hornet for 3 turns
 15992 | D:11     | Found a frozen archway.
 16007 | IceCv    | Entered an ice cave
 16630 | D:11     | Reached XP level 15. HP: 142/146 MP: 11/11
 16644 | D:11     | Got a brightly glowing war axe
 16645 | D:11     | Identified the +3 war axe of Xuprak {antimagic, rN+} (You
                  | found it on level 11 of the Dungeon)
 16909 | D:11     | Found a staircase to the Orcish Mines.
 17063 | Orc:1    | Entered Level 1 of the Orcish Mines
 17256 | Orc:1    | Noticed an orc warlord
 17270 | Orc:1    | Killed an orc warlord
 17501 | Orc:1    | Found a roughly hewn altar of Beogh.
 17764 | Orc:2    | Entered Level 2 of the Orcish Mines
 17923 | Orc:2    | Reached skill level 18 in Axes
 18155 | Orc:2    | Found a roughly hewn altar of Beogh.
 18280 | Orc:2    | Found Huiq's Book Emporium.
 18301 | Orc:2    | Found Onkitido's Antique Weapon Shoppe.
 18688 | Orc:2    | Found a staircase to the Elven Halls.
 19171 | Orc:2    | Found Qukk's General Store.
 19196 | Orc:2    | Bought a scroll of identify for 22 gold pieces
 19196 | Orc:2    | Bought a potion of heal wounds for 55 gold pieces
 19217 | Orc:2    | Noticed an orc warlord
 19251 | Orc:2    | Killed an orc warlord
 19268 | Orc:2    | Found Pasafrite's Assorted Antiques.
 19280 | Orc:2    | Bought a scroll of identify for 66 gold pieces
 19280 | Orc:2    | Bought a scroll of remove curse for 99 gold pieces
 19280 | Orc:2    | Bought a scroll labeled VYOTZA XYEGAA for 33 gold pieces
 19280 | Orc:2    | Bought a scroll of identify for 66 gold pieces
 19305 | Orc:2    | Found a roughly hewn altar of Beogh.
 19610 | D:12     | Noticed Maurice
 19614 | D:12     | Killed Maurice
 19789 | D:12     | Found Koenk's Antique Armour Emporium.
 20417 | D:13     | Reached XP level 16. HP: 157/157 MP: 9/9
 20502 | D:13     | Found a gate to the Vaults.
 20875 | D:14     | Reached skill level 10 in Armour
 20926 | D:14     | Noticed Kirke
 21219 | D:14     | Killed Kirke
 21631 | D:14     | Noticed Jorgrun
 21643 | D:14     | Killed Jorgrun
 21643 | D:14     | Reached skill level 19 in Axes
 21984 | D:15     | Entered Level 15 of the Dungeon
 22466 | D:15     | Found a staircase to the Depths.
 22652 | D:15     | Noticed Azrael
 22662 | D:15     | Killed Azrael
 22850 | Spider:1 | Entered Level 1 of the Spider Nest
 23193 | Spider:1 | Reached skill level 10 in Dodging
 23492 | Spider:2 | Noticed Frances
 23506 | Spider:2 | Killed Frances
 23613 | Spider:2 | Got a smelly leather armour
 23660 | Spider:2 | Noticed Nikola
 23677 | Spider:2 | Reached skill level 1 in Spellcasting
 23701 | Spider:2 | Killed Nikola
 24274 | Spider:3 | Reached XP level 17. HP: 140/166 MP: 7/7
 24311 | Spider:3 | Reached skill level 15 in Invocations
 24838 | Spider:4 | Entered Level 4 of the Spider Nest
 25139 | Spider:4 | Reached skill level 20 in Axes
 25563 | Spider:4 | Got a gossamer rune of Zot
 25728 | Swamp:1  | Entered Level 1 of the Swamp
 26646 | Swamp:2  | Gained mutation: You passively map a large area around you.
                  | [Deep Dwarf growth]
 26646 | Swamp:2  | Reached XP level 18. HP: 78/176 MP: 7/7
 26846 | Swamp:2  | Mangled by a titanic slime creature

Levels and vault maps discovered:
D:1:      lemuel_arrival_broad_hall, layout_basic, nicolae_ashenzari_panopticon
D:2:      layout_rooms
D:3:      layout_loops_corners, cheibrodos_sewer_entry_drain, minivault_26,
          uniq_robin, uniq_sigmund
D:4:      layout_loops_ring, kennysheep_little_box, corexii_shack
D:5:      layout_basic, serial_shops, shop, first_ration, zaba_anthole,
          uniq_eustachio
D:6:      minmay_thinvault, layout_loops_ring, uniq_prince_ribbit1
D:7:      layout_loops_ring, gammafunk_temple_overflow_pools,
          minmay_temple_entry_butterflies, uniq_pikel, uniq_duvessa
D:8:      layout_layer_cave, uniq_joseph
D:9:      layout_rooms, basic_altar
D:10:     lemuel_ice_spiral_2, layout_irregular_city,
          due_lair_maze_entry_diamond
D:11:     layout_long_grid, kennysheep_orc_monster_closet_entryway,
          portal_ice_cave_rime
D:12:     cheibrodos_frozen_isle, layout_basic, serial_shops, shop, uniq_maurice
D:13:     layout_rooms, david_vaults_1
D:14:     layout_roguey, patterned_corridor, uniq_jorgrun, uniq_kirke
D:15:     gammafunk_enter_depths_forms, layout_basic, uniq_azrael
Temple:   compressed_dpeg_circular_temple
Lair:1:   layout_chaotic_city, small_statue_intersection, uniq_gastronok
Lair:2:   layout_chaotic_city, roderic_batcave, gammafunk_lair_bear_cave,
          grunt_megastairs_5, uniq_sonja, uniq_nergalle
Lair:3:   layout_layer_cave, spider_nest_entry_a, uniq_rupert
Lair:4:   layout_regular_city, minmay_swamp_entry_worms,
          minmay_lair_oklob_chamber, uniq_snorg, uniq_josephine
Lair:5:   wad_woods_minihive, layout_gridlike, slime_altar_1, basic_altar,
          beast_lair_carwin_2
Lair:6:   guppyfry_lair_end_dragon, layout_loops_ring, wormcave,
          serial_bayou_shore_b, uniq_nessos
Swamp:1:  layout_basic_swamp, hangedman_swamp_ruin_wall
Swamp:2:  layout_basic_swamp, evilmike_swamp_ruin_rubble_1, swamp_pool1,
          infiniplex_staircase_pool_2
Spider:1: layout_spider_delve, nicolae_spider_shape
Spider:2: layout_spider_delve, uniq_frances, uniq_nikola
Spider:3: layout_spider_delve, guppyfry_spider_mini_3
Spider:4: spider_rune_water
Orc:1:    orc_temple, layout_caves
Orc:2:    pubby_orc_utopia, serial_shops
Abyss:2
Sewer:    sewer_minmay_w
IceCv:    ice_cave_tombish

Skill      XL: |  1  2  3  4  5  6  7  8  9 10 11 12 13 14 15 16 17 |
---------------+----------------------------------------------------+-----
Axes           | 3 4 6 7 8 10 12 14 15 16 17 18 19 20 | 20.4
Fighting       | 3 4 5 6 8 9 10 11 12 13 14 | 14.5
Shields        | 6 8 9 |  9.3
Invocations    | 6 9 11 12 13 14 15 | 15.8
Armour         | 6 8 9 11 12 | 12.0
Dodging        | 4 7 8 10 11 | 11.4
Spellcasting   | 1 4 |  4.3

Action                   |  1- 3 |  4- 6 |  7- 9 | 10-12 | 13-15 | 16-18 || total
-------------------------+-------+-------+-------+-------+-------+-------++-------
Melee: War axe           |   112 |   261 |   461 |   673 |    51 |       ||  1558
       Kick              |       |       |       |   192 |   391 |   194 ||   777
       Hand axe          |       |       |       |    18 |    15 |       ||    33
       Battleaxe         |       |       |       |       |   594 |       ||   594
       Executioner's axe |       |       |       |       |   551 |   784 ||  1335
       Unarmed           |       |       |       |       |       |     4 ||     4
Invok: Lesser Servant of |       |       |       |     4 |    25 |    13 ||    42
       Minor Destruction |       |       |       |       |     1 |       ||     1
 Abil: Heal Wounds       |     1 |     3 |    17 |    41 |    17 |     9 ||    88
Evoke: Wand              |       |       |       |    15 |    10 |     5 ||    30
  Use: Potion            |       |     3 |     4 |     8 |     6 |     3 ||    24
       Scroll            |       |     9 |     5 |    13 |     9 |    12 ||    48
 Stab: Distracted        |       |       |       |     3 |     4 |     1 ||     8
       Invisible         |       |       |       |     3 |     7 |       ||    10
       Confused          |       |       |       |       |     3 |       ||     3
  Eat: Chunk             |     1 |     5 |    10 |    17 |    16 |    15 ||    64
       Ration            |       |       |     2 |     4 |     3 |     2 ||    11
Armor: Scale mail        |    66 |   160 |   154 |       |       |       ||   380
       Plate armour      |       |       |    74 |   433 |   396 |       ||   903
       Fire dragon scale |       |       |       |       |   279 |   786 ||  1065
Dodge: Dodged            |    38 |   105 |   107 |   175 |   810 |   918 ||  2153
Block: Shield            |    67 |   145 |   224 |   168 |     6 |       ||   610
       Buckler           |       |       |       |    98 |    11 |       ||   109

Table legend:
 A = Non-vault XP
 B = Vault XP
 C = Vault XP percentage of total XP
 D = Non-vault monster count
 E = Vault monster count
 F = Vault count percentage of total count
                 A         B        C        D         E       F
            +---------+---------+-------+---------+---------+-------
      Total |  180820 |  112373 |  38.3 |     826 |     518 |  38.5
            +---------+---------+-------+---------+---------+-------
        D:1 |      31 |       0 |   0.0 |      20 |       0 |   0.0
        D:2 |     115 |       0 |   0.0 |      26 |       0 |   0.0
        D:3 |     107 |     255 |  70.4 |      30 |      17 |  36.2
        D:4 |     480 |       1 |   0.2 |      24 |       1 |   4.0
        D:5 |     175 |     292 |  62.5 |       7 |       4 |  36.4
        D:6 |    1091 |     528 |  32.6 |      24 |      10 |  29.4
        D:7 |    1036 |     861 |  45.4 |      28 |       3 |   9.7
        D:8 |    4258 |     387 |   8.3 |      27 |       1 |   3.6
        D:9 |    2182 |       0 |   0.0 |      18 |       0 |   0.0
       D:10 |    3641 |    1038 |  22.2 |      41 |       9 |  18.0
       D:11 |    2509 |    2545 |  50.4 |      15 |      22 |  59.5
       D:12 |   11097 |     457 |   4.0 |      45 |       1 |   2.2
       D:13 |    4329 |    1540 |  26.2 |      23 |       2 |   8.0
       D:14 |   11525 |    6342 |  35.5 |      40 |       9 |  18.4
       D:15 |    4266 |    5670 |  57.1 |      15 |      16 |  51.6
     Lair:1 |    4017 |    2224 |  35.6 |      14 |       1 |   6.7
     Lair:2 |    6589 |    1785 |  21.3 |      32 |      15 |  31.9
     Lair:3 |    3156 |    2695 |  46.1 |      12 |       3 |  20.0
     Lair:4 |    9154 |    4862 |  34.7 |      30 |      13 |  30.2
     Lair:5 |    9289 |    4377 |  32.0 |      37 |      51 |  58.0
     Lair:6 |    9783 |   13353 |  57.7 |      36 |      35 |  49.3
    Swamp:1 |   10242 |       0 |   0.0 |      18 |       0 |   0.0
    Swamp:2 |   13776 |       0 |   0.0 |      26 |       0 |   0.0
   Spider:1 |    8669 |    2123 |  19.7 |      26 |       8 |  23.5
   Spider:2 |   14015 |    5712 |  29.0 |      41 |       2 |   4.7
   Spider:3 |   20549 |    1746 |   7.8 |      67 |       7 |   9.5
   Spider:4 |   11298 |   20944 |  65.0 |      27 |      41 |  60.3
      Orc:1 |    6008 |    5776 |  49.0 |      61 |      28 |  31.5
      Orc:2 |       0 |   22075 | 100.0 |       0 |     150 | 100.0
    Abyss:2 |    7433 |       0 |   0.0 |      16 |       0 |   0.0
      Sewer |       0 |     349 | 100.0 |       0 |      48 | 100.0
      IceCv |       0 |    4436 | 100.0 |       0 |      21 | 100.0
            +---------+---------+-------+---------+---------+-------
